 Dungeon Crawl Stone Soup version 0.30.1-3-gfc49f6343a (webtiles) character file.

Game seed: 11725630371259356942

49 EC1 the Chiller (level 3, -3/14 HPs)
             Began as a Felid Ice Elementalist on July 22, 2023.
             Slain by an adder (4 damage)
             ... on level 2 of the Dungeon.
             The game lasted 00:06:45 (1552 turns).

EC1 the Chiller (Felid Ice Elementalist)            Turns: 1552, Time: 00:06:46

Health: -3/14      AC:  1    Str:  4    XL:     3   Next: 51%
Magic:  5/7        EV: 17    Int: 18    God:
Gold:   104        SH:  0    Dex: 16    Spells: 2/6 levels left
                                        Lives:  0   Deaths: 0

rFire   . . .        (weapon unavailable)
rCold   . . .        (shield unavailable)
rNeg    . . .        (body armour unavailable)
rPois   .            (helmet unavailable)
rElec   .            (cloak unavailable)
rCorr   .            (gloves unavailable)
SInv    +            (boots unavailable)
Will    .....        f - amulet of the acrobat
Stlth   ++           (no ring)
HPRegen 0.22/turn    (no ring)
MPRegen 0.10/turn

%: acrobat
@: lethally poisoned (-3 -> -7), quick
A: very small, claws 1, fangs 3, see invisible, speed 1, shaggy fur 1, stealthy
paws, no weapons or thrown items, no armour, multi-lived
a: no special abilities


You were on level 2 of the Dungeon.
You visited 1 branch of the dungeon, and saw 2 of its levels.

You collected 104 gold pieces.

Inventory:

Hand Weapons
 b - a +4 short sword
 c - a +0 vampiric dagger
Jewellery
 f - an amulet of the acrobat (around neck)
Potions
 a - a potion of magic


   Skills:
 + Level 3.0 Dodging
 + Level 2.9 Stealth
 + Level 0.4 Unarmed Combat
 + Level 2.3 Spellcasting
 + Level 4.4 Ice Magic


You had 2 spell levels left.
You knew the following spells:

 Your Spells              Type           Power      Damage    Failure   Level
a - Freeze                Ice            72%        1d8       2%          1
b - Frozen Ramparts       Ice            36%        1d6       9%          3

Your spell library contained the following spells:

 Spells                   Type           Power      Damage    Failure   Level
 Ozocubu's Armour         Ice            18%        N/A       9%          3
 Summon Ice Beast         Ice/Summ       10%        N/A       56%         4


Dungeon Overview and Level Annotations

Branches:
Dungeon (2/15)

Altars:


Innate Abilities, Weirdness & Mutations

You have sharp claws.
You have razor-sharp teeth.
You have supernaturally acute eyesight. (SInv)
You cover ground quickly. (Speed+)
You are covered in fur. (AC +1)
Your paws help you pounce on unaware monsters.
You are incapable of wielding weapons or throwing items.
You cannot wear armour.
You gain extra lives every three experience levels.


Message History

An adder comes into view.
The adder hisses angrily.
An adder comes into view.
You closely miss the adder. The adder closely misses you.
The adder hisses angrily.
You scratch the adder.
The adder is moderately wounded.
The adder bites you. The adder misses you.
You closely miss the adder.
The adder is moderately wounded.
The adder barely misses you. x2
Casting: Frozen Ramparts (astonishingly dangerous; 9% risk of failure)
Confirm with . or Enter, or press ? or * to list all spells.
Aiming: Freeze (safe; 3% risk of failure)
Press: ? - help, Shift-Dir - straight line, f - adder
Aim: an adder (moderately wounded)
You freeze the adder.
The adder is almost dead.
The adder seems to slow down.
The adder barely misses you. The adder misses you.
Unknown command.
Casting: Freeze (safe; 3% risk of failure)
Confirm with . or Enter, or press ? or * to list all spells.
Aiming: Freeze (safe; 3% risk of failure)
Press: ? - help, Shift-Dir - straight line, f/p - adder
Aim: an adder (almost dead, slow)
You freeze the adder.
You kill the adder!
The adder bites you.
You are poisoned.
The adder poisons you! The adder bites you.
You scratch the adder.
The adder is moderately wounded.
You feel sick. The adder bites you.
* * * LOW HITPOINT WARNING * * *
You closely miss the adder. Your bite misses the adder.
The adder is moderately wounded.
* * * LOW HITPOINT WARNING * * *
You feel sick. The adder bites you.
You die...

####....##
?...........#
...........#
....####..# ...#
#..# ...####..####
######..........#
#.......###.#.#.#
.#.@....# #.#.#.#
#..$.S.....#
#.#.#.###
#####.#.##.#
#.#.....#
#.#.##.###.#.....#
#.............J..##
###.#####.##......#
#.# #.##.....#.
#.#####......###.
#...<......#.###.


You could see an adder.

Vanquished Creatures
  2 adders (D:2)
  An endoplasm (D:1)
  3 giant cockroaches
  3 hobgoblins (D:1)
  3 jackals (D:1)
  A quokka (D:2)
  4 ball pythons
  2 bats (D:1)
  2 frilled lizards (D:1)
  3 goblins
  4 kobolds
  A rat (D:1)
29 creatures vanquished.

Notes
Turn   | Place    | Note
-------+----------+-------------------------------------------
     0 | D:1      | EC1 the Felid Ice Elementalist began the quest for the Orb.
     0 | D:1      | Reached XP level 1. HP: 7/7 MP: 4/4
   476 | D:1      | Reached skill level 4 in Ice Magic
   476 | D:1      | Reached XP level 2. HP: 11/11 MP: 4/6
  1337 | D:2      | Reached XP level 3. HP: 14/14 MP: 5/7
  1345 | D:2      | Learned a level 3 spell: Frozen Ramparts
  1552 | D:2      | Slain by an adder

Illustrated notes

Levels and vault maps discovered:
D:1:      beargit_arrival_greenhouse, layout_loops_ring
D:2:      layout_loops_ring, serial_shops, nicolae_shop_advertising_works
          [nicolae_subvault_shop_adworks], minmay_pentomino_p4

Skill      XL: |  1  2  3 |
---------------+----------+-----
Ice Magic      | 4 |  4.4
Dodging        | 3 |  3.0
Stealth        | |  2.9
Unarmed Combat | |  0.4
Spellcasting   | |  2.3

Action                     || total
---------------------------++-------
  Melee: Unarmed           ||    38
   Cast: Freeze            ||    34
         Frozen Ramparts   ||     1
    Use: Scroll            ||     5
         Potion            ||     3
   Stab: Sleeping          ||     1
 Armour: Skin              ||     2
  Dodge: Dodged            ||    76
